 Dungeon Crawl Stone Soup version 0.22-a0-803-gd6d8abe (webtiles) character file.

63 riteheju the Skirmisher (level 3, -1/29 HPs)
             Began as a Demonspawn Fighter on July 22, 2018.
             Slain by Sigmund
             ... wielding a +0 scythe
              (4 damage)
             ... on level 2 of the Dungeon.
             The game lasted 00:06:44 (2320 turns).

riteheju the Skirmisher (Demonspawn Fighter)        Turns: 2320, Time: 00:06:44

Health: -1/29      AC: 14    Str: 17    XL:     3   Next: 87%
Magic:  3/3        EV:  8    Int: 11    God:
Gold:   76         SH:  9    Dex: 12    Spells: 2/2 levels left

rFire    . . .     SeeInvis .   m - -3 spear (curse)
rCold    . . .     Gourm    .   c - +0 shield
rNeg     . . .     Faith    .   l - +4 ring mail
rPois    .         Spirit   .   (no helmet)
rElec    .         Reflect  .   k - +0 cloak
rCorr    .         Harm     .   (no gloves)
MR       .....     Rnd*Rage +   (no boots)
Stlth    +.........             (no amulet)
HPRegen  0.09/turn              (no ring)
MPRegen  0.08/turn              (no ring)

@: sanguine armour, very slightly contaminated
A: berserk 1, clever 1, deformed body, sanguine armour 1
a: no special abilities


You were on level 2 of the Dungeon.
You were not hungry.

You visited 1 branch of the dungeon, and saw 2 of its levels.

You collected 76 gold pieces.

Inventory:

Hand Weapons
 a - a +0 trident
 m - a cursed -3 spear (weapon)
Armour
 c - a +0 shield (worn)
 j - a cursed +0 ring mail
 k - a +0 cloak (worn)
 l - a +4 ring mail (worn)
Jewellery
 o - an uncursed ring of flight {unknown}
Scrolls
 h - a scroll of teleportation
Potions
 d - a potion of might
 e - a potion of flight
 n - a potion of lignification {unknown}
Comestibles
 f - 3 rations


   Skills:
 + Level 3.5 Fighting
 + Level 2.3 Polearms
 + Level 3.2 Armour
 + Level 3.1 Shields


You had 2 spell levels left.
You didn't know any spells.
Your spell library was empty.

Dungeon Overview and Level Annotations

Branches:
Dungeon (2/15)

Altars:

Annotations:
D:2 Sigmund


Innate Abilities, Weirdness & Mutations

When seriously injured, your bleeding wounds create armour. (AC +6)
You tend to lose your temper in combat.
Your mind is acute. (Int +2)
Armour fits poorly on your strangely shaped body.


Message History

Attack whom?
Press: ? - help, Dir - move target cursor You reach to attack!
You closely miss something.
Attack whom?
Press: ? - help, Dir - move target cursor You reach to attack!
You hit something but do no damage. You block something's attack.
Attack whom?
Press: ? - help, Dir - move target cursor You reach to attack!
You completely miss something. Something hits you!
* * * LOW HITPOINT WARNING * * *
It was a potion of curing.
You feel better.
Attack whom?
Press: ? - help, Dir - move target cursor You reach to attack!
You barely miss something. Something hits you.
* * * LOW HITPOINT WARNING * * *
It was a potion of mutation.
You feel extremely strange.
You feel a little pissed off.
Your body twists and deforms.
You feel clever. Something hits you.
You die...

#<#.#.#..###.#.........###.###.##
###.#.#..# #.#...#########.# #.#
#.#.#..# #.#.#.# ........# #.#
#.#.#..# #.#.#.# .######.###.#
#.#....# #.#.#.##.# #....##.#
###.##...###.#....#.# #....##.##
.............#.##{..# #....#....
....#.###########..#####....#....
####............@...........#....
###############..(.......#....
####....................#....
#...........)........(..#....
#...............######.##....
#...........##..## #(##....
#...........##...# #.##....
#...........##.#.# #.##....
#...........##.#.#####.##....


There were no monsters in sight!

Vanquished Creatures
  An adder (D:2)
  A worm (D:2)
  3 leopard geckos
  2 giant cockroaches
  5 goblins (D:1)
  8 hobgoblins
  A quokka (D:2)
  11 bats
  3 frilled lizards
  6 kobolds
  3 rats (D:1)
44 creatures vanquished.

Notes
Turn   | Place    | Note
-------+----------+-------------------------------------------
     0 | D:1      | riteheju the Demonspawn Fighter began the quest for the Orb.
     0 | D:1      | Reached XP level 1. HP: 18/18 MP: 1/1
   183 | D:1      | Gained mutation: When seriously injured, your bleeding wounds create armour. (AC +6) [demonic ancestry]
   183 | D:1      | Reached XP level 2. HP: 18/24 MP: 2/2
   894 | D:1      | Reached XP level 3. HP: 29/29 MP: 3/3
  1396 | D:2      | Noticed Sigmund
  2317 | D:2      | HP: 1/29 [something (8)]
  2320 | D:2      | Gained mutation: You tend to lose your temper in combat. [potion of mutation]
  2320 | D:2      | Gained mutation: Armour fits poorly on your strangely shaped body. [potion of mutation]
  2320 | D:2      | Gained mutation: Your mind is acute. (Int +2) [potion of mutation]
  2320 | D:2      | Slain by Sigmund

Vault maps used:
D:1:      dpeg_arrival_subterranean_lakeside_camping, kennysheep_nondescript,
          st_stairs_7, serial_bayou_pond_d, minmay_misc_feat_rows,
          minmay_misc_feat_encased
D:2:      uniq_sigmund

Skill      XL: |  1  2  3 |
---------------+----------+-----
Polearms       | 2 |  2.3
Armour         | 3 |  3.2
Shields        | 3 |  3.1
Fighting       | |  3.5

Action                   || total
-------------------------++-------
Melee: Trident           ||   119
       Spear             ||   193
  Use: Scroll            ||     4
       Potion            ||     2
  Eat: Chunk             ||     5
Armor: Scale mail        ||    42
       Ring mail         ||    82
Dodge: Dodged            ||    82
Block: Shield            ||   120

Table legend:
 A = Spawn XP
 B = Non-spawn XP
 C = Spawn XP percentage of total XP
 D = Spawn monster count
 E = Non-spawn monster count
 F = Spawn count percentage of total count
 G = Total turns spent on level
                    A         B        C        D         E        F      G
               +---------+---------+-------+---------+---------+-------+---------
         Total |       0 |      90 |   0.0 |       0 |      44 |   0.0 |  2320
               +---------+---------+-------+---------+---------+-------+---------
           D:1 |       0 |      48 |   0.0 |       0 |      28 |   0.0 |  1253
           D:2 |       0 |      42 |   0.0 |       0 |      16 |   0.0 |  1067
               +---------+---------+-------+---------+---------+-------+---------
